AoeStats
← 陟遐自迩

MegaRandom

510044715Analyzed
4v4 RM · 3d ago on Sep 29, 2026· 58m 25s· 8 players
Game mode
Random Map
Map size
Large (8 player)
Population
200
Speed
Normal
Resources
Standard
Victory
Conquest
Starting age
Dark Age
Ending age
Imperial Age
RankedLock teamsTeams togetherTeam positionsShared explorationLock speedFull tech treeHidden civsTurbo modeCheats
Victory
Defeat
🇹🇼 Cumans · Taiwan
1168
+13
🇹🇼 Italians · Taiwan
1166
+13
🇨🇳 Varangians · China
1103
+16
🇩🇪 Varangians · Germany
1032
+19
🇺🇸 Vietnamese · United States
1136
-17
1118
-16
🇹🇷 Bulgarians · Türkiye
1088
-15
🇨🇳 Franks · China
1034
-13
quesxer
1:24 Loom
11:40 Feudal Age
13:13 Scale Mail Armor
14:13 Forging
15:03 Arson
20:09 Castle Age
19:16 Stone Mining
20:44 Pikeman
21:11 Gambesons
21:30 Squires
23:10 Scale Barding Armor
24:11 Fletching
24:46 Bodkin Arrow
25:33 Horse Collar
28:04 Chain Barding Armor
aaa916_
5:15 Loom
10:40 Feudal Age
17:55 Castle Age
17:13 Double-Bit Axe
17:43 Gold Mining
25:46 Husbandry
27:17 Wheelbarrow
26:42 Town Watch
27:02 Stone Mining
29:00 Hand Cart
29:28 Gold Shaft Mining
33:57 Imperial Age
34:20 Cavalier
35:41 Scale Barding Armor
35:47 Forging
38:09 Iron Casting
37:55 Chain Barding Armor
42:15 Hoardings
噜噜啊噜噜噜噜噜
3:16 Loom
13:20 Feudal Age
14:23 Town Watch
15:14 Wheelbarrow
15:59 Forging
15:38 Double-Bit Axe
18:14 Castle Age
16:16 Gold Mining
17:24 Town Watch
17:47 Scale Barding Armor
18:36 Stone Mining
19:58 Iron Casting
19:37 Bow Saw
20:10 Chain Barding Armor
21:47 Gold Shaft Mining
24:24 Husbandry
29:44 Light Cavalry
31:07 Hand Cart
53:26 Imperial Age
stvmllc
0:36 Loom
破皮大師
10:34 Feudal Age
15:19 Castle Age
14:11 Double-Bit Axe
14:08 Horse Collar
15:01 Loom
17:33 Loom
21:09 Wheelbarrow
21:57 Gold Mining
22:14 Fletching
24:10 Bodkin Arrow
24:50 Padded Archer Armor
27:06 Treadmill Crane
27:47 Ballistics
28:25 Leather Archer Armor
35:40 Hand Cart
40:07 Imperial Age
40:16 Elite Genoese Crossbowman
41:17 Conscription
42:15 Chemistry
41:27 Bracer
41:47 Heavy Plow
43:44 Ring Archer Armor
43:51 Stone Mining
44:47 Thumb Ring
52:34 Silk Road
52:20 Caravan
53:56 Crop Rotation
53:59 Bow Saw
kobeman
10:53 Feudal Age
14:56 Castle Age
12:43 Double-Bit Axe
15:09 Scale Barding Armor
16:15 Loom
17:07 Wheelbarrow
18:00 Bloodlines
24:00 Vendel Legacy
24:54 Forging
25:37 Husbandry
26:32 Chain Barding Armor
26:08 Horse Collar
27:07 Gold Mining
37:11 Iron Casting
38:13 Hand Cart
40:27 Stone Mining
42:42 Bow Saw
49:20 Imperial Age
49:38 Cavalier
51:29 Plate Barding Armor
51:41 Conscription
52:32 Blast Furnace
53:48 Coinage
54:25 Two-Man Saw
54:12 Town Watch
55:25 Heavy Plow
55:16 Light Cavalry
56:10 Guilds
56:30 Banking
56:01 Caravan
57:54 Spies/Treason
陟遐自迩
0:37 Loom
michaelye023755
6:31 Loom
9:18 Feudal Age
11:54 Double-Bit Axe
13:15 Horse Collar
21:09 Castle Age
20:10 Wheelbarrow
22:54 Bow Saw
29:50 Imperial Age
27:57 Hand Cart
27:44 Town Watch
28:39 Forging
29:29 Town Patrol
29:36 Scale Barding Armor
30:08 Cavalier
33:18 Chain Barding Armor
33:34 Iron Casting
36:19 Plate Barding Armor
36:45 Blast Furnace
35:33 Paladin
36:24 Bloodlines
37:57 Gold Mining
41:59 Masonry
41:44 Murder Holes
42:10 Ballistics
42:50 Chemistry
41:43 Fletching
42:05 Cuman Mercenaries
42:25 Conscription
42:42 Hoardings
43:09 Bodkin Arrow
44:19 Two-Man Saw
46:36 Hoardings
46:21 Conscription
52:07 Light Cavalry
54:30 Spies/Treason
Connection lost

Rejoining the realm…

Still unreachable

The connection could not be restored.

Session expired

The server has moved on; the page needs a fresh start.